 Dungeon Crawl Stone Soup version 0.28-b1-25-g9875b3fc8c (webtiles) character file.

Game seed: 18228831495265804303

1087 Masnef the Conjurer (level 8, -1/52 HPs)
             Began as a Gnoll Conjurer on Feb 6, 2022.
             Was a Follower of Hepliaklqana.
             Slain by Duvessa (17 damage)
             ... on level 5 of the Dungeon on Feb 7, 2022.
             The game lasted 00:10:48 (6131 turns).

Masnef the Conjurer (Gnoll Conjurer)                Turns: 6131, Time: 00:10:48

Health: -1/52      AC:  4    Str:  8    XL:     8   Next: 30%
Magic:  20/26      EV: 12    Int: 19    God:    Hepliaklqana [*.....]
Gold:   214        SH:  0    Dex: 10    Spells: 16/19 levels left

rFire   . . .      SeeInvis .   y - +2 hand axe (flame)
rCold   . . .      Faith    .   (no shield)
rNeg    . . .      Spirit   .   o - +0 leather armour
rPois   .          Reflect  .   (no helmet)
rElec   .          Harm     .   (no cloak)
rCorr   .          Rampage  .   (no gloves)
Will    .....                   u - +0 pair of boots
Stlth   ++........              e - amulet of regeneration
HPRegen 0.97/turn               m - ring of magical power
MPRegen 0.20/turn               (no ring)

@: no status effects
A: reduced essence, fangs 1, strong nose, distributed training
a: Renounce Religion, Recall Ancestor, Ancestor Identity


You were on level 5 of the Dungeon.
You worshipped Hepliaklqana.
Hepliaklqana was aware of your devotion.
You visited 2 branches of the dungeon, and saw 6 of its levels.

You collected 214 gold pieces.

Inventory:

Hand Weapons
 b - a +0 mace
 h - a +0 trident
 k - a +1 whip of draining
 t - a +0 dagger
 v - a +0 morningstar
 y - a +2 hand axe of flaming (weapon)
Armour
 a - a +0 robe
 o - a +0 leather armour (worn)
 u - a +0 pair of boots (worn)
Jewellery
 e - an amulet of regeneration (around neck)
 m - a ring of magical power (left hand)
 F - a ring of protection from cold
Scrolls
 i - a scroll of immolation {unknown}
 j - 3 scrolls of fog
 l - 3 scrolls of teleportation {unknown}
 p - 4 scrolls of magic mapping {unknown}
 s - 2 scrolls of summoning {unknown}
 w - a scroll of vulnerability {unknown}
 x - a scroll of enchant weapon
 A - 3 scrolls of blinking {unknown}
 B - a scroll of torment {unknown}
Potions
 c - a potion of resistance {unknown}
 d - a potion of might {unknown}
 f - a potion of degeneration {unknown}
 g - 2 potions of attraction {unknown}
 n - 3 potions of lignification
 q - 2 potions of mutation {unknown}
 r - 4 potions of heal wounds {unknown}
 z - a potion of invisibility {unknown}
 C - 2 potions of flight {unknown}
 D - a potion of ambrosia {unknown}
 E - 2 potions of haste {unknown}


   Skills:
 + Level 3.1 Fighting
 + Level 3.1 Short Blades
 + Level 3.1 Long Blades
 + Level 3.1 Axes
 + Level 3.1 Maces & Flails
 + Level 3.1 Polearms
 + Level 3.1 Staves
 + Level 3.1 Slings
 + Level 3.1 Bows
 + Level 3.1 Crossbows
 + Level 3.1 Throwing
 + Level 3.1 Armour
 + Level 5.6 Dodging
 + Level 5.3 Stealth
 + Level 3.1 Shields
 + Level 3.1 Unarmed Combat
 + Level 6.0 Spellcasting
 + Level 7.6 Conjurations
 + Level 2.5 Hexes
 + Level 2.5 Summonings
 + Level 2.5 Necromancy
 + Level 2.5 Translocations
 + Level 2.5 Transmutations
 + Level 2.5 Fire Magic
 + Level 2.5 Ice Magic
 + Level 2.5 Air Magic
 + Level 2.5 Earth Magic
 + Level 2.5 Poison Magic
 + Level 3.4 Invocations
 + Level 3.1 Evocations


You had 16 spell levels left.
You knew the following spells:

 Your Spells              Type           Power      Damage    Failure   Level
a - Magic Dart            Conj           100%       1d8       1%          1
b - Searing Ray           Conj           68%        2d6       1%          2

Your spell library contained the following spells:

 Spells                   Type           Power      Damage    Failure   Level
 Sting                    Tmut/Pois      60%        1d6       5%          1
 Summon Small Mammal      Summ           60%        N/A       5%          1
 Dazzling Flash           Conj/Hex       50%        N/A       6%          3
 Corpse Rot               Necr/Air       30%        N/A       9%          2
 Poisonous Vapours        Pois/Air       30%        N/A       9%          2
 Call Canine Familiar     Summ           15%        N/A       17%         3
 Summon Guardian Golem    Hex/Summ       15%        N/A       17%         3
 Fulminant Prism          Conj/Hex       12%        3d9       19%         4
 Iskenderun's Mystic Bla  Conj/Tloc      25%        2d7       19%         4
 Olgreb's Toxic Radiance  Pois           15%        N/A       50%         4


Dungeon Overview and Level Annotations

Branches:
Dungeon (5/15)             Temple (1/1) D:4

Altars:
Ashenzari
Cheibriados
Dithmenos
Elyvilon
Fedhas
Gozag
Hepliaklqana
Kikubaaqudgha
Makhleb
Okawaru
Qazlal
Ru
Sif Muna
Trog
Uskayaw
Vehumet
Wu Jian
Xom
Yredelemnul
Zin
The Shining One

Shops:
D:2 :   D:3 :

Annotations:
D:5 3 exclusions, Duvessa


Innate Abilities, Weirdness & Mutations

Your life essence is reduced to manifest your ancestor. (-10% HP)
You have very sharp teeth.
Your uncanny sense of smell can sniff out nearby items.
Your experience applies equally to all skills.


Message History

Press: ? - help, Shift-Dir - straight line, f - Dowan
Aim: Dowan, wielding a +0 dagger and wearing a +0 robe (73% to hit)
The searing ray hits Dowan!
Dowan is moderately wounded. (Press . to maintain the ray.)
The searing ray misses Dowan.
The searing ray hits Duvessa!
Duvessa is moderately wounded.
Dowan hits you but does no damage.
Hochkoeppler hits Dowan but does no damage.
The searing ray hits Dowan.
Dowan is heavily wounded.
The searing ray hits Duvessa!
Duvessa is heavily wounded.
Hochkoeppler barely misses Duvessa.
The searing ray hits Duvessa.
Duvessa is heavily wounded.
The searing ray hits Dowan.
Dowan is severely wounded.
You finish channelling your searing ray.
Hochkoeppler hits Duvessa but does no damage.
Dowan gestures wildly while chanting.
Dowan blinks!
Casting: Searing Ray (safe; 1% risk of failure)
Confirm with . or Enter, or press ? or * to list all spells.
Aiming: Searing Ray (safe; 1% risk of failure)
Press: ? - help, Shift-Dir - straight line, f/p - Dowan
Aim: Dowan, wielding a +0 dagger and wearing a +0 robe (severely wounded, ally target, 73% to hit)
The searing ray hits Dowan!
You kill Dowan!
Duvessa screams, "No!
How DARE you!"
Duvessa goes berserk! (Press . to maintain the ray.) Duvessa hits you with a +3 short sword! x2; Hochkoeppler barely misses Duvessa.
Your Spellcasting skill increases to level 6!
Unknown command.
Duvessa rages.
Hochkoeppler closely misses Duvessa.
Duvessa hits you with a +3 short sword!
* * * LOW HITPOINT WARNING * * *
Duvessa hits you with a +3 short sword!
You die...

.###.....#<##.#.# .#
#.#..........#
####.#.#.####.###
.........##.....#
####.#.####.....# #.#..#
#.....# ####.#..###.....######
.....#...####.#......#
.#####R#.##.....@.)..#
.......#..#.....e...<#
#########.#.....R....# R.#
#R#..........# #.#
#..##.#......#########
#.########.##(#............R.#
#......# #..#.#......#######.##
######.####.#.#......#........#
#..# ...##.#####........#


You could see the friendly Hochkoeppler the ancestor and Duvessa (berserk, ally
target).

Vanquished Creatures
  2 black bears (D:5)
  3 ogres
  A scorpion (D:3)
  A water moccasin zombie (D:5)
  Dowan (D:5)
  A gnoll shaman (D:2)
  An orc priest (D:4)
  3 hounds
  Terence (D:3)
  An iguana (D:4)
  2 orc wizards (D:4)
  A hound skeleton (D:5)
  6 adders
  3 adder skeletons
  3 worms (D:2)
  A dart slug (D:2)
  12 orcs
  4 ball pythons
  7 endoplasms
  2 giant cockroaches
  11 goblins
  5 hobgoblins
  7 kobolds
  A quokka (D:2)
  6 bats
  4 frilled lizards
  5 rats
95 creatures vanquished.

Vanquished Creatures (collateral kills)
  A hound (D:5)
  A jelly (D:5)
  An adder (D:5)
3 creatures vanquished.

Vanquished Creatures (others)
  An ancestor (D:5)
1 creature vanquished.

Grand Total: 99 creatures vanquished

Notes
Turn   | Place    | Note
-------+----------+-------------------------------------------
     0 | D:1      | Masnef the Gnoll Conjurer began the quest for the Orb.
     0 | D:1      | Reached XP level 1. HP: 13/13 MP: 6/6
   425 | D:1      | Found a faded altar of an unknown god.
   806 | D:2      | Reached XP level 2. HP: 20/20 MP: 0/7
   957 | D:2      | Found Ugorph's Book Emporium.
  1137 | D:2      | Reached XP level 3. HP: 25/25 MP: 5/9
  1139 | D:2      | Reached skill level 5 in Spellcasting
  1299 | D:2      | Reached skill level 1 in Invocations
  1411 | D:2      | Reached skill level 1 in Fighting
  1411 | D:2      | Reached skill level 1 in Short Blades
  1411 | D:2      | Reached skill level 1 in Long Blades
  1411 | D:2      | Reached skill level 1 in Axes
  1411 | D:2      | Reached skill level 1 in Maces & Flails
  1411 | D:2      | Reached skill level 1 in Polearms
  1411 | D:2      | Reached skill level 1 in Staves
  1411 | D:2      | Reached skill level 1 in Slings
  1411 | D:2      | Reached skill level 1 in Bows
  1411 | D:2      | Reached skill level 1 in Crossbows
  1411 | D:2      | Reached skill level 1 in Throwing
  1411 | D:2      | Reached skill level 1 in Armour
  1411 | D:2      | Reached skill level 1 in Shields
  1411 | D:2      | Reached skill level 1 in Unarmed Combat
  1411 | D:2      | Reached skill level 1 in Evocations
  1516 | D:2      | Reached XP level 4. HP: 18/32 MP: 4/11
  1663 | D:2      | Reached skill level 1 in Hexes
  1663 | D:2      | Reached skill level 1 in Summonings
  1663 | D:2      | Reached skill level 1 in Necromancy
  1663 | D:2      | Reached skill level 1 in Translocations
  1663 | D:2      | Reached skill level 1 in Transmutations
  1663 | D:2      | Reached skill level 1 in Fire Magic
  1663 | D:2      | Reached skill level 1 in Ice Magic
  1663 | D:2      | Reached skill level 1 in Air Magic
  1663 | D:2      | Reached skill level 1 in Earth Magic
  1663 | D:2      | Reached skill level 1 in Poison Magic
  1666 | D:2      | Learned a level 2 spell: Searing Ray
  2285 | D:3      | Noticed Terence
  2299 | D:3      | Killed Terence
  2300 | D:3      | Reached XP level 5. HP: 37/37 MP: 12/12
  2799 | D:3      | Found Ojiowke's Book Boutique.
  3115 | D:4      | Found a staircase to the Ecumenical Temple.
  3134 | Temple   | Entered the Ecumenical Temple
  3519 | Temple   | Became a worshipper of Hepliaklqana the Forgotten
  3699 | D:4      | Reached XP level 6. HP: 44/44 MP: 13/13
  3928 | D:4      | Reached skill level 5 in Dodging
  4269 | D:4      | Reached XP level 7. HP: 50/50 MP: 15/15
  4685 | D:4      | Reached * piety under Hepliaklqana
  5026 | D:5      | Entered Level 5 of the Dungeon
  5155 | D:5      | Noticed Dowan
  5202 | D:5      | Reached skill level 5 in Stealth
  5402 | D:5      | Reached XP level 8. HP: 46/51 MP: 15/16
  6116 | D:5      | Noticed Duvessa
  6127 | D:5      | Killed Dowan
  6131 | D:5      | Slain by Duvessa

Illustrated notes

Levels and vault maps discovered:
D:1:      minmay_arrival_arboretum_small, layout_basic,
          shapermc_ecumenical_altar_pompeii
D:2:      layout_basic, serial_shops, nicolae_lakefront_shop, minmay_vboxes
D:3:      layout_basic, serial_shops, nicolae_shop_statue_plus, uniq_terence
D:4:      kennysheep_big_flooded_room, layout_basic,
          minmay_temple_entry_antechambers, feat_on_display
D:5:      layout_basic, uniq_duvessa
Temple:   mainiacjoe_temple_trianglar_array

Skill      XL: |  1  2  3  4  5  6  7  8 |
---------------+-------------------------+-----
Spellcasting   | 5 6 |  6.0
Invocations    | 1 2 3 |  3.4
Fighting       | 1 2 3 |  3.1
Short Blades   | 1 2 3 |  3.1
Long Blades    | 1 2 3 |  3.1
Axes           | 1 2 3 |  3.1
Maces & Flails | 1 2 3 |  3.1
Polearms       | 1 2 3 |  3.1
Staves         | 1 2 3 |  3.1
Slings         | 1 2 3 |  3.1
Bows           | 1 2 3 |  3.1
Crossbows      | 1 2 3 |  3.1
Throwing       | 1 2 3 |  3.1
Armour         | 1 2 3 |  3.1
Shields        | 1 2 3 |  3.1
Unarmed Combat | 1 2 3 |  3.1
Evocations     | 1 2 3 |  3.1
Hexes          | 1 2 |  2.5
Summonings     | 1 2 |  2.5
Necromancy     | 1 2 |  2.5
Translocations | 1 2 |  2.5
Transmutations | 1 2 |  2.5
Fire Magic     | 1 2 |  2.5
Ice Magic      | 1 2 |  2.5
Air Magic      | 1 2 |  2.5
Earth Magic    | 1 2 |  2.5
Poison Magic   | 1 2 |  2.5
Dodging        | 5 |  5.6
Stealth        | 5 |  5.3
Conjurations   | |  7.6

Action                   |  1- 3 |  4- 6 |  7- 9 || total
-------------------------+-------+-------+-------++-------
Melee: Mace              |     6 |     8 |       ||    14
       Bite              |     1 |     1 |       ||     2
       Hand axe          |       |    19 |    22 ||    41
 Cast: Magic Dart        |    60 |    70 |    31 ||   161
       Searing Ray       |       |     7 |    10 ||    17
Invok: Ancestor Identity |       |       |     1 ||     1
  Use: Scroll            |       |     3 |       ||     3
 Stab: Sleeping          |     1 |     1 |     2 ||     4
Armor: Robe              |     5 |       |       ||     5
       Leather armour    |       |     2 |    11 ||    13
Dodge: Dodged            |     8 |    24 |    20 ||    52
